[ PARTIDA AOE2 · #479953085 ]
UnrankedCumanos vs Bohemians
[ ANÁLISIS DE REPETICIÓN · EXTRAÍDO DE LA PARTIDA GRABADA ]
Feudal
9:37
Castillos
25:26
Imperial
36:57
| APM promedio | 28.4 |
| APM pico | 51 |
| eAPM promedio | 18.0 |
| Aldeanos / militares | 158 / 253 |
Foco
⚔️ 27.1% · 🌾 72.9%
Steppe Lancer ×248 · Battering Ram ×5 · Trade Cart ×1
Feudal
9:03
Castillos
24:25
Imperial
47:02
| APM promedio | 35.9 |
| APM pico | 71 |
| eAPM promedio | 18.9 |
| Aldeanos / militares | 124 / 117 |
Foco
⚔️ 38.0% · 🌾 62.0%
Spearman ×71 · Skirmisher ×18 · Militia ×11 · Battering Ram ×11 · Warrior Priest ×6
Feudal
10:40
Castillos
14:10
Imperial
30:40
| APM promedio | 49.8 |
| APM pico | 83 |
| eAPM promedio | 24.5 |
| Aldeanos / militares | 160 / 234 |
Foco
⚔️ 35.5% · 🌾 64.5%
Spearman ×219 · Bombard Cannon ×6 · Monk ×5 · Knight ×4 · Unknown (1105) ×1
Feudal
11:02
Castillos
22:17
Imperial
41:02
| APM promedio | 43.9 |
| APM pico | 99 |
| eAPM promedio | 21.7 |
| Aldeanos / militares | 145 / 56 |
Foco
⚔️ 37.2% · 🌾 62.8%
Mangudai ×51 · Spearman ×4 · Militia ×1
Mapa de la partida
Recursos iniciales + cada clic de construcción. Líneas = muros · curvas = relieve. ◆ oro · ⬟ piedra · ● bayas · ✦ reliquia · ◌ hueco del cierre
Tu base· ✓ Cerrada en 25:26 · 5t muro · 4 puerta(s)
Base de maxnaks· ✓ Cerrada en 24:25 · 7t muro · 5 puerta(s)
Base de Something Phoetic· ✓ Cerrada en 14:10 · 20t muro · 3 puerta(s)
Base de Spooder· ✓ Cerrada en 22:17 · 53t muro · 3 puerta(s)
Terreno inicial suavizado · ◌ = hueco del cierre detectado · pasá el cursor para detalles
Inputs por minuto
— Kordiror - - maxnaks
Build order — Kordiror
Primeras 150 de 437 acciones detectadas
| 0:01 | Crear | Villager (Male) |
| 0:01 | Crear | Villager (Male) |
| 0:02 | Construir | House |
| 0:03 | Construir | House |
| 0:13 | Crear | Villager (Male) |
| 0:14 | Crear | Villager (Male) |
| 1:24 | Crear | Villager (Male) |
| 1:25 | Crear | Villager (Male) |
| 1:45 | Construir | Lumber Camp |
| 1:53 | Crear | Villager (Male) |
| 2:25 | Construir | House |
| 2:27 | Crear | Villager (Male) |
| 2:27 | Crear | Villager (Male) |
| 2:53 | Crear | Villager (Male) |
| 2:54 | Crear | Villager (Male) |
| 3:20 | Crear | Villager (Male) |
| 3:45 | Crear | Villager (Male) |
| 4:15 | Crear | Villager (Male) |
| 4:16 | Crear | Villager (Male) |
| 4:16 | Crear | Villager (Male) |
| 4:40 | Construir | House |
| 4:46 | Construir | Mill |
| 5:02 | Crear | Villager (Male) |
| 5:02 | Crear | Villager (Male) |
| 5:11 | Crear | Villager (Male) |
| 5:11 | Crear | Villager (Male) |
| 5:55 | Crear | Villager (Male) |
| 6:19 | Investigar | Loom |
| 6:35 | Construir | Mining Camp |
| 7:07 | Crear | Villager (Male) |
| 7:27 | Investigar | Feudal Age |
| 7:27 | Investigar | Feudal Age |
| 9:37 | Edad | Edad Feudal |
| 9:40 | Construir | Blacksmith |
| 9:43 | Crear | Villager (Male) |
| 9:43 | Crear | Villager (Male) |
| 9:51 | Investigar | Double-Bit Axe |
| 9:51 | Investigar | Double-Bit Axe |
| 9:51 | Investigar | Double-Bit Axe |
| 10:17 | Construir | Siege Workshop |
| 10:33 | Crear | Villager (Male) |
| 10:33 | Crear | Villager (Male) |
| 10:48 | Crear | Battering Ram |
| 10:48 | Crear | Battering Ram |
| 10:51 | Construir | House |
| 11:09 | Crear | Villager (Male) |
| 11:36 | Crear | Battering Ram |
| 11:50 | Crear | Villager (Male) |
| 12:07 | Construir | Mill |
| 12:21 | Crear | Battering Ram |
| 12:50 | Construir | Mill |
| 12:51 | Crear | Villager (Male) |
| 12:51 | Crear | Villager (Male) |
| 13:22 | Construir | House |
| 14:25 | Crear | Battering Ram |
| 14:26 | Crear | Villager (Male) |
| 14:30 | Crear | Villager (Male) |
| 14:31 | Crear | Villager (Male) |
| 15:27 | Crear | Villager (Male) |
| 15:28 | Crear | Villager (Male) |
| 15:34 | Construir | Town Center |
| 15:39 | Construir | House |
| 15:41 | Crear | Villager (Male) |
| 15:59 | Crear | Villager (Male) |
| 16:06 | Construir | House |
| 16:11 | Construir | House |
| 16:12 | Construir | House |
| 16:20 | Construir | Market |
| 16:49 | Construir | Lumber Camp |
| 16:59 | Construir | Farm |
| 17:28 | Crear | Trade Cart |
| 17:29 | Crear | Villager (Male) |
| 17:29 | Crear | Villager (Male) |
| 17:35 | Construir | Farm |
| 17:37 | Crear | Villager (Male) |
| 17:45 | Construir | House |
| 17:52 | Investigar | Horse Collar |
| 17:52 | Investigar | Horse Collar |
| 18:00 | Construir | Lumber Camp |
| 18:06 | Construir | Farm |
| 18:10 | Crear | Villager (Male) |
| 18:10 | Crear | Villager (Male) |
| 18:11 | Crear | Villager (Male) |
| 18:11 | Crear | Villager (Male) |
| 18:11 | Crear | Villager (Male) |
| 18:23 | Construir | Farm |
| 18:29 | Construir | Farm |
| 18:42 | Construir | Farm |
| 18:44 | Crear | Villager (Male) |
| 18:49 | Construir | Farm |
| 18:59 | Construir | House |
| 19:01 | Construir | House |
| 19:03 | Construir | House |
| 19:04 | Construir | House |
| 19:08 | Construir | House |
| 19:12 | Crear | Villager (Male) |
| 19:12 | Crear | Villager (Male) |
| 19:16 | Construir | Farm |
| 19:17 | Construir | Farm |
| 19:28 | Construir | Mining Camp |
| 19:46 | Crear | Villager (Male) |
| 20:02 | Construir | House |
| 20:06 | Construir | House |
| 20:07 | Construir | Palisade Wall |
| 20:12 | Construir | Palisade Gate |
| 20:16 | Crear | Villager (Male) |
| 20:17 | Crear | Villager (Male) |
| 20:17 | Crear | Villager (Male) |
| 20:21 | Construir | Farm |
| 20:21 | Construir | Farm |
| 20:22 | Construir | Farm |
| 20:41 | Crear | Villager (Male) |
| 20:41 | Crear | Villager (Male) |
| 20:41 | Crear | Villager (Male) |
| 20:44 | Construir | Farm |
| 20:46 | Construir | Farm |
| 20:47 | Construir | Farm |
| 20:49 | Construir | Farm |
| 20:50 | Crear | Villager (Male) |
| 20:50 | Crear | Villager (Male) |
| 21:07 | Construir | Palisade Gate |
| 21:08 | Crear | Villager (Male) |
| 21:09 | Crear | Villager (Male) |
| 21:13 | Construir | Farm |
| 21:23 | Crear | Villager (Male) |
| 21:23 | Crear | Villager (Male) |
| 21:31 | Crear | Villager (Male) |
| 21:38 | Construir | Farm |
| 21:59 | Construir | Farm |
| 22:02 | Construir | Farm |
| 22:03 | Construir | Farm |
| 22:07 | Crear | Villager (Male) |
| 22:12 | Construir | House |
| 22:13 | Construir | House |
| 22:14 | Construir | House |
| 22:44 | Investigar | Castle Age |
| 22:45 | Investigar | Castle Age |
| 22:51 | Crear | Villager (Male) |
| 22:51 | Crear | Villager (Male) |
| 22:54 | Construir | House |
| 22:55 | Construir | House |
| 22:56 | Construir | House |
| 22:57 | Construir | House |
| 23:04 | Construir | House |
| 23:05 | Construir | House |
| 23:07 | Construir | House |
| 23:08 | Crear | Villager (Male) |
| 23:08 | Crear | Villager (Male) |
| 23:08 | Crear | Villager (Male) |
| 23:08 | Crear | Villager (Male) |
Build order — maxnaks
Primeras 150 de 426 acciones detectadas
| 0:01 | Crear | Villager (Male) |
| 0:01 | Crear | Villager (Male) |
| 0:02 | Construir | House |
| 0:04 | Construir | House |
| 0:15 | Crear | Villager (Male) |
| 0:15 | Crear | Villager (Male) |
| 1:24 | Crear | Villager (Male) |
| 1:52 | Crear | Villager (Male) |
| 1:56 | Construir | Mule Cart |
| 2:20 | Crear | Villager (Male) |
| 2:40 | Crear | Villager (Male) |
| 2:43 | Construir | House |
| 2:55 | Crear | Villager (Male) |
| 3:40 | Crear | Villager (Male) |
| 3:40 | Crear | Villager (Male) |
| 3:59 | Construir | Mule Cart |
| 4:32 | Crear | Villager (Male) |
| 4:34 | Crear | Villager (Male) |
| 4:35 | Crear | Villager (Male) |
| 4:58 | Construir | House |
| 5:00 | Construir | Palisade Wall |
| 5:59 | Crear | Villager (Male) |
| 6:06 | Investigar | Loom |
| 6:13 | Construir | Barracks |
| 6:53 | Investigar | Feudal Age |
| 7:16 | Crear | Militia |
| 7:16 | Crear | Militia |
| 7:27 | Construir | Mule Cart |
| 8:06 | Crear | Militia |
| 8:27 | Construir | House |
| 8:37 | Crear | Villager (Male) |
| 8:42 | Construir | Mill |
| 9:03 | Edad | Edad Feudal |
| 9:36 | Investigar | Man-at-Arms (upgrade) |
| 9:37 | Crear | Villager (Male) |
| 9:38 | Crear | Villager (Male) |
| 9:50 | Construir | Watch Tower |
| 10:16 | Crear | Militia |
| 10:19 | Crear | Militia |
| 10:21 | Crear | Villager (Male) |
| 10:35 | Crear | Villager (Male) |
| 10:49 | Construir | Barracks |
| 11:02 | Crear | Villager (Male) |
| 11:06 | Construir | Farm |
| 11:11 | Construir | House |
| 11:14 | Crear | Militia |
| 11:38 | Investigar | Long Swordsman (upgrade) |
| 11:58 | Crear | Villager (Male) |
| 12:04 | Construir | Farm |
| 12:11 | Crear | Villager (Male) |
| 12:13 | Construir | Farm |
| 12:17 | Crear | Militia |
| 12:57 | Construir | Blacksmith |
| 13:06 | Crear | Villager (Male) |
| 13:07 | Crear | Villager (Male) |
| 13:11 | Construir | House |
| 13:17 | Construir | House |
| 13:17 | Construir | House |
| 13:25 | Investigar | Scale Mail Armor |
| 13:25 | Investigar | Scale Mail Armor |
| 14:21 | Crear | Militia |
| 14:22 | Crear | Militia |
| 15:05 | Crear | Militia |
| 15:06 | Crear | Militia |
| 15:09 | Crear | Villager (Male) |
| 15:10 | Crear | Villager (Male) |
| 15:12 | Construir | Farm |
| 15:13 | Construir | Farm |
| 15:55 | Crear | Villager (Male) |
| 15:59 | Construir | Farm |
| 16:07 | Construir | Mule Cart |
| 16:10 | Investigar | Double-Bit Axe |
| 16:14 | Crear | Villager (Male) |
| 17:23 | Crear | Villager (Male) |
| 17:24 | Crear | Villager (Male) |
| 17:40 | Construir | Farm |
| 17:40 | Construir | Farm |
| 17:41 | Construir | Farm |
| 17:41 | Construir | Farm |
| 17:42 | Construir | Farm |
| 17:46 | Construir | Farm |
| 17:48 | Construir | Farm |
| 17:51 | Construir | Farm |
| 17:56 | Construir | Farm |
| 18:06 | Crear | Villager (Male) |
| 18:06 | Crear | Villager (Male) |
| 18:11 | Construir | Farm |
| 18:14 | Construir | Farm |
| 18:17 | Construir | Market |
| 18:23 | Crear | Villager (Male) |
| 18:49 | Crear | Villager (Male) |
| 18:55 | Construir | House |
| 18:59 | Construir | Stone Wall |
| 19:02 | Construir | Stone Wall |
| 19:02 | Construir | Stone Wall |
| 19:06 | Crear | Villager (Male) |
| 19:31 | Construir | House |
| 19:33 | Construir | House |
| 19:38 | Crear | Villager (Male) |
| 19:44 | Construir | Archery Range |
| 19:48 | Construir | Farm |
| 19:50 | Construir | Farm |
| 20:06 | Investigar | Horse Collar |
| 20:12 | Construir | House |
| 20:43 | Construir | House |
| 20:46 | Construir | House |
| 20:49 | Crear | Villager (Male) |
| 20:50 | Crear | Villager (Male) |
| 21:19 | Construir | Palisade Gate |
| 21:22 | Construir | Palisade Wall |
| 21:24 | Construir | Palisade Wall |
| 21:45 | Investigar | Castle Age |
| 21:45 | Investigar | Castle Age |
| 21:52 | Construir | Palisade Gate |
| 21:55 | Construir | House |
| 22:01 | Construir | House |
| 22:02 | Construir | House |
| 22:03 | Construir | Palisade Wall |
| 22:31 | Crear | Spearman |
| 22:57 | Investigar | Gold Mining |
| 23:03 | Construir | Barracks |
| 23:31 | Construir | Barracks |
| 23:57 | Construir | Barracks |
| 24:03 | Crear | Villager (Male) |
| 24:17 | Crear | Villager (Male) |
| 24:25 | Edad | Edad de los Castillos |
| 24:28 | Crear | Spearman |
| 24:28 | Crear | Spearman |
| 24:28 | Crear | Spearman |
| 24:29 | Investigar | Pikeman (upgrade) |
| 24:29 | Crear | Spearman |
| 24:30 | Crear | Spearman |
| 24:30 | Crear | Spearman |
| 24:43 | Crear | Spearman |
| 24:45 | Construir | Siege Workshop |
| 25:01 | Crear | Spearman |
| 25:01 | Crear | Spearman |
| 25:02 | Crear | Villager (Male) |
| 25:15 | Crear | Spearman |
| 25:18 | Crear | Battering Ram |
| 25:28 | Crear | Spearman |
| 25:29 | Crear | Spearman |
| 25:29 | Crear | Spearman |
| 25:42 | Crear | Spearman |
| 25:47 | Crear | Villager (Male) |
| 25:49 | Crear | Villager (Male) |
| 25:51 | Crear | Spearman |
| 25:52 | Crear | Spearman |
| 25:53 | Crear | Spearman |
| 25:53 | Crear | Spearman |
Build order — Something Phoetic
Primeras 150 de 579 acciones detectadas
| 0:01 | Crear | Villager (Male) |
| 0:01 | Crear | Villager (Male) |
| 0:02 | Construir | House |
| 0:04 | Construir | House |
| 0:23 | Crear | Villager (Male) |
| 0:23 | Crear | Villager (Male) |
| 1:34 | Crear | Villager (Male) |
| 1:47 | Construir | Lumber Camp |
| 2:00 | Crear | Villager (Male) |
| 2:04 | Crear | Villager (Male) |
| 2:44 | Crear | Villager (Male) |
| 3:17 | Crear | Villager (Male) |
| 3:17 | Crear | Villager (Male) |
| 3:20 | Construir | House |
| 3:27 | Construir | Palisade Wall |
| 3:28 | Construir | Palisade Wall |
| 3:36 | Construir | Palisade Wall |
| 3:41 | Construir | Palisade Wall |
| 3:44 | Construir | Palisade Wall |
| 3:52 | Crear | Villager (Male) |
| 3:52 | Crear | Villager (Male) |
| 3:55 | Construir | House |
| 4:11 | Construir | Palisade Wall |
| 4:38 | Crear | Villager (Male) |
| 4:56 | Construir | Palisade Wall |
| 4:59 | Construir | Mill |
| 5:07 | Construir | Mill |
| 5:08 | Crear | Villager (Male) |
| 5:09 | Crear | Villager (Male) |
| 5:09 | Crear | Villager (Male) |
| 5:39 | Construir | House |
| 6:00 | Crear | Villager (Male) |
| 6:01 | Crear | Villager (Male) |
| 6:01 | Crear | Villager (Male) |
| 6:57 | Crear | Villager (Male) |
| 6:57 | Crear | Villager (Male) |
| 7:46 | Crear | Villager (Male) |
| 8:13 | Construir | Mining Camp |
| 8:19 | Investigar | Feudal Age |
| 9:06 | Construir | Farm |
| 10:40 | Crear | Villager (Male) |
| 10:40 | Edad | Edad Feudal |
| 10:45 | Construir | Market |
| 10:47 | Construir | Blacksmith |
| 11:30 | Investigar | Castle Age |
| 12:02 | Investigar | Horse Collar |
| 12:03 | Investigar | Double-Bit Axe |
| 12:06 | Construir | Farm |
| 12:07 | Construir | Farm |
| 12:08 | Construir | Farm |
| 12:54 | Construir | Barracks |
| 13:07 | Construir | House |
| 13:19 | Investigar | Scale Barding Armor |
| 13:46 | Construir | Stable |
| 14:06 | Crear | Villager (Male) |
| 14:10 | Edad | Edad de los Castillos |
| 14:17 | Crear | Knight |
| 14:25 | Construir | Monastery |
| 14:38 | Crear | Villager (Male) |
| 14:44 | Crear | Knight |
| 14:55 | Crear | Monk |
| 15:17 | Crear | Knight |
| 15:21 | Construir | House |
| 15:30 | Construir | House |
| 15:53 | Crear | Monk |
| 15:54 | Crear | Villager (Male) |
| 15:54 | Crear | Villager (Male) |
| 16:09 | Construir | House |
| 16:10 | Crear | Villager (Male) |
| 16:12 | Construir | Farm |
| 16:12 | Construir | Farm |
| 16:12 | Construir | Farm |
| 16:12 | Construir | Farm |
| 16:26 | Crear | Monk |
| 16:40 | Crear | Villager (Male) |
| 17:37 | Crear | Villager (Male) |
| 17:38 | Crear | Knight |
| 17:48 | Construir | Farm |
| 17:48 | Construir | Farm |
| 17:49 | Construir | Farm |
| 17:49 | Construir | Farm |
| 18:20 | Crear | Villager (Male) |
| 18:22 | Crear | Monk |
| 18:49 | Crear | Villager (Male) |
| 18:52 | Construir | Farm |
| 18:53 | Construir | Farm |
| 18:54 | Construir | Farm |
| 19:22 | Crear | Villager (Male) |
| 19:31 | Crear | Villager (Male) |
| 19:34 | Construir | Farm |
| 19:47 | Construir | Farm |
| 20:04 | Crear | Villager (Male) |
| 20:08 | Construir | Town Center |
| 20:17 | Construir | House |
| 20:50 | Crear | Villager (Male) |
| 20:51 | Crear | Villager (Male) |
| 20:55 | Construir | Town Center |
| 21:16 | Crear | Villager (Male) |
| 21:17 | Crear | Villager (Male) |
| 21:21 | Construir | Farm |
| 21:22 | Construir | Farm |
| 21:38 | Crear | Villager (Male) |
| 21:39 | Crear | Villager (Male) |
| 21:55 | Crear | Villager (Male) |
| 21:56 | Crear | Villager (Male) |
| 21:56 | Crear | Villager (Male) |
| 21:58 | Construir | Farm |
| 21:59 | Construir | Farm |
| 21:59 | Construir | Farm |
| 21:59 | Construir | Farm |
| 22:00 | Construir | Farm |
| 22:33 | Crear | Villager (Male) |
| 22:33 | Crear | Villager (Male) |
| 22:34 | Crear | Villager (Male) |
| 22:35 | Construir | Farm |
| 22:36 | Construir | Farm |
| 22:36 | Construir | Farm |
| 22:36 | Construir | Farm |
| 22:36 | Construir | Farm |
| 23:05 | Crear | Villager (Male) |
| 23:05 | Crear | Villager (Male) |
| 23:40 | Crear | Villager (Male) |
| 23:40 | Crear | Villager (Male) |
| 23:40 | Crear | Villager (Male) |
| 23:40 | Crear | Villager (Male) |
| 23:41 | Crear | Villager (Male) |
| 23:41 | Crear | Villager (Male) |
| 23:44 | Construir | House |
| 23:45 | Construir | House |
| 23:47 | Investigar | Wheelbarrow |
| 23:50 | Investigar | Loom |
| 24:01 | Crear | Villager (Male) |
| 24:14 | Crear | Villager (Male) |
| 24:14 | Crear | Villager (Male) |
| 24:19 | Construir | Farm |
| 24:20 | Construir | Farm |
| 24:20 | Construir | Farm |
| 24:20 | Construir | Farm |
| 24:20 | Construir | Farm |
| 24:21 | Construir | Farm |
| 24:21 | Construir | Farm |
| 24:21 | Construir | Farm |
| 24:53 | Crear | Villager (Male) |
| 24:54 | Crear | Villager (Male) |
| 25:09 | Crear | Villager (Male) |
| 25:10 | Crear | Villager (Male) |
| 25:11 | Construir | Farm |
| 25:11 | Construir | Farm |
| 25:11 | Construir | Farm |
| 25:15 | Construir | Farm |
Build order — Spooder
Primeras 150 de 397 acciones detectadas
| 0:00 | Crear | Villager (Male) ×4 |
| 0:01 | Crear | Villager (Male) ×4 |
| 0:01 | Construir | House |
| 0:02 | Construir | House |
| 0:12 | Construir | House |
| 1:35 | Crear | Villager (Male) |
| 1:36 | Crear | Villager (Male) |
| 1:47 | Construir | Lumber Camp |
| 2:18 | Crear | Villager (Male) |
| 2:18 | Crear | Villager (Male) |
| 2:48 | Crear | Villager (Male) |
| 3:36 | Crear | Villager (Male) |
| 3:37 | Crear | Villager (Male) |
| 3:37 | Crear | Villager (Male) |
| 3:43 | Crear | Villager (Male) |
| 3:47 | Construir | Palisade Wall |
| 3:49 | Construir | House |
| 3:53 | Construir | Palisade Wall |
| 3:55 | Construir | Palisade Wall |
| 3:57 | Construir | Palisade Wall |
| 3:58 | Construir | Palisade Wall |
| 4:01 | Construir | Palisade Wall |
| 4:04 | Construir | Palisade Wall |
| 4:08 | Construir | Palisade Wall |
| 4:14 | Construir | Palisade Wall |
| 4:17 | Construir | Palisade Wall |
| 4:22 | Construir | Palisade Wall |
| 4:25 | Construir | Palisade Wall |
| 4:28 | Construir | Palisade Wall |
| 4:30 | Construir | Palisade Wall |
| 4:33 | Construir | Palisade Wall |
| 4:36 | Construir | Palisade Wall |
| 4:43 | Construir | Mill |
| 5:09 | Crear | Villager (Male) |
| 5:57 | Crear | Villager (Male) |
| 5:57 | Crear | Villager (Male) |
| 6:02 | Construir | House |
| 6:31 | Construir | Mining Camp |
| 6:33 | Crear | Villager (Male) |
| 7:06 | Crear | Villager (Male) |
| 7:07 | Crear | Villager (Male) |
| 7:40 | Crear | Villager (Male) |
| 7:41 | Crear | Villager (Male) |
| 8:05 | Construir | Mining Camp |
| 8:34 | Investigar | Feudal Age |
| 9:29 | Construir | Farm |
| 9:30 | Construir | Farm |
| 9:52 | Construir | House |
| 10:06 | Construir | House |
| 10:08 | Construir | House |
| 10:10 | Investigar | Loom |
| 10:11 | Crear | Villager (Male) |
| 10:16 | Construir | Palisade Wall |
| 10:17 | Construir | Palisade Wall |
| 10:35 | Construir | Palisade Wall |
| 10:43 | Construir | Palisade Wall |
| 11:02 | Edad | Edad Feudal |
| 11:04 | Crear | Villager (Male) |
| 11:22 | Construir | Market |
| 11:34 | Construir | Palisade Wall |
| 11:42 | Crear | Villager (Male) |
| 12:01 | Construir | Stone Wall |
| 12:06 | Construir | Stone Wall |
| 12:16 | Construir | Barracks |
| 12:36 | Construir | Stone Wall |
| 12:39 | Construir | Stone Wall |
| 12:40 | Crear | Villager (Male) |
| 12:45 | Crear | Spearman |
| 12:50 | Construir | Watch Tower |
| 12:55 | Construir | Watch Tower |
| 13:04 | Construir | Stone Wall |
| 13:05 | Construir | Stone Wall |
| 13:08 | Construir | Stone Wall |
| 13:09 | Construir | Stone Wall |
| 13:10 | Crear | Spearman |
| 13:18 | Construir | Stone Wall |
| 13:19 | Construir | Stone Wall |
| 13:22 | Construir | Stone Wall |
| 14:32 | Construir | Watch Tower |
| 14:44 | Crear | Spearman |
| 14:44 | Crear | Spearman |
| 15:18 | Construir | Palisade Wall |
| 16:16 | Construir | Stone Wall |
| 16:38 | Construir | Town Center |
| 16:53 | Construir | Palisade Wall |
| 18:09 | Crear | Villager (Male) |
| 18:11 | Construir | Blacksmith |
| 18:17 | Crear | Villager (Male) |
| 18:38 | Crear | Villager (Male) |
| 18:43 | Construir | Market |
| 19:06 | Crear | Villager (Male) |
| 19:09 | Construir | Farm |
| 19:11 | Construir | Farm |
| 19:13 | Construir | Farm |
| 19:37 | Investigar | Castle Age |
| 20:43 | Investigar | Double-Bit Axe |
| 21:58 | Investigar | Horse Collar |
| 22:05 | Construir | Farm |
| 22:08 | Construir | Farm |
| 22:09 | Crear | Villager (Male) |
| 22:17 | Edad | Edad de los Castillos |
| 22:24 | Construir | Town Center |
| 22:41 | Crear | Militia |
| 22:45 | Crear | Villager (Male) |
| 23:02 | Construir | Mill |
| 23:21 | Crear | Villager (Male) |
| 23:21 | Crear | Villager (Male) |
| 23:47 | Crear | Villager (Male) |
| 23:52 | Construir | Farm |
| 23:55 | Construir | Farm |
| 24:11 | Crear | Villager (Male) |
| 24:28 | Construir | Castle |
| 24:39 | Construir | Castle |
| 24:56 | Construir | Castle |
| 24:58 | Crear | Villager (Male) |
| 24:58 | Crear | Villager (Male) |
| 25:03 | Crear | Villager (Male) |
| 25:08 | Construir | Farm |
| 25:10 | Construir | Farm |
| 25:24 | Crear | Villager (Male) |
| 25:24 | Crear | Villager (Male) |
| 25:29 | Investigar | Fletching |
| 25:46 | Construir | Gate |
| 25:46 | Construir | Stone Wall |
| 25:47 | Construir | Stone Wall |
| 25:49 | Crear | Villager (Male) |
| 25:49 | Crear | Villager (Male) |
| 25:56 | Investigar | Bow Saw |
| 26:08 | Crear | Villager (Male) |
| 26:20 | Crear | Villager (Male) |
| 26:23 | Construir | Farm |
| 26:36 | Construir | Palisade Wall |
| 26:37 | Construir | Palisade Wall |
| 26:38 | Construir | Palisade Wall |
| 26:45 | Crear | Villager (Male) |
| 26:48 | Crear | Villager (Male) |
| 26:48 | Crear | Villager (Male) |
| 26:51 | Construir | Farm |
| 26:53 | Construir | Farm |
| 27:10 | Construir | Palisade Wall |
| 27:29 | Crear | Villager (Male) |
| 27:29 | Crear | Villager (Male) |
| 27:30 | Crear | Mangudai |
| 27:34 | Crear | Villager (Male) |
| 27:46 | Construir | Mining Camp |
| 28:04 | Crear | Villager (Male) |
| 28:05 | Crear | Mangudai |
| 28:06 | Crear | Mangudai |
| 28:18 | Crear | Villager (Male) |
| 28:18 | Crear | Villager (Male) |
Cronología de la partida
| 3:27 | Something Phoetic · wall_segment Palisade Wall x16 |
| 3:28 | Something Phoetic · wall_segment Palisade Wall x2 |
| 3:36 | Something Phoetic · wall_segment Palisade Wall x1 |
| 3:41 | Something Phoetic · wall_segment Palisade Wall x1 |
| 3:44 | Something Phoetic · wall_segment Palisade Wall x1 |
| 3:47 | Spooder · wall_segment Palisade Wall x1 |
| 3:53 | Spooder · wall_segment Palisade Wall x1 |
| 3:55 | Spooder · wall_segment Palisade Wall x1 |
| 3:57 | Spooder · wall_segment Palisade Wall x1 |
| 3:58 | Spooder · wall_segment Palisade Wall x1 |
| 4:01 | Spooder · wall_segment Palisade Wall x1 |
| 4:04 | Spooder · wall_segment Palisade Wall x1 |
| 4:08 | Spooder · wall_segment Palisade Wall x1 |
| 4:11 | Something Phoetic · wall_segment Palisade Wall x10 |
| 4:14 | Spooder · wall_segment Palisade Wall x1 |
| 4:17 | Spooder · wall_segment Palisade Wall x1 |
| 4:22 | Spooder · wall_segment Palisade Wall x1 |
| 4:25 | Spooder · wall_segment Palisade Wall x1 |
| 4:28 | Spooder · wall_segment Palisade Wall x1 |
| 4:30 | Spooder · wall_segment Palisade Wall x1 |
| 4:33 | Spooder · wall_segment Palisade Wall x1 |
| 4:36 | Spooder · wall_segment Palisade Wall x1 |
| 4:56 | Something Phoetic · wall_segment Palisade Wall x1 |
| 5:00 | maxnaks · wall_segment Palisade Wall x1 |
| 6:13 | maxnaks · first_building Barracks |
| 9:03 | maxnaks · age_up feudal |
| 9:37 | Kordiror · age_up feudal |
| 10:16 | Spooder · wall_segment Palisade Wall x1 |
| 10:17 | Spooder · wall_segment Palisade Wall x1 |
| 10:17 | Kordiror · first_building Siege Workshop |
| 10:35 | Spooder · wall_segment Palisade Wall x8 |
| 10:40 | Something Phoetic · age_up feudal |
| 10:43 | Spooder · wall_segment Palisade Wall x1 |
| 11:02 | Spooder · age_up feudal |
| 11:34 | Spooder · wall_segment Palisade Wall x6 |
| 12:01 | Spooder · wall_segment Stone Wall x6 |
| 12:06 | Spooder · wall_segment Stone Wall x1 |
| 12:16 | Spooder · first_building Barracks |
| 12:36 | Spooder · wall_segment Stone Wall x1 |
| 12:39 | Spooder · wall_segment Stone Wall x1 |
| 12:54 | Something Phoetic · first_building Barracks |
| 13:04 | Spooder · wall_segment Stone Wall x1 |
| 13:05 | Spooder · wall_segment Stone Wall x1 |
| 13:08 | Spooder · wall_segment Stone Wall x1 |
| 13:09 | Spooder · wall_segment Stone Wall x1 |
| 13:18 | Spooder · wall_segment Stone Wall x1 |
| 13:19 | Spooder · wall_segment Stone Wall x1 |
| 13:22 | Spooder · wall_segment Stone Wall x1 |
| 13:46 | Something Phoetic · first_building Stable |
| 14:10 | Something Phoetic · age_up castle |
| 14:21 | Something Phoetic · first_market_buy 100 wood |
| 14:25 | Something Phoetic · first_building Monastery |
| 15:18 | Spooder · wall_segment Palisade Wall x1 |
| 16:16 | Spooder · wall_segment Stone Wall x5 |
| 16:53 | Spooder · wall_segment Palisade Wall x1 |
| 17:23 | Kordiror · first_market_buy 100 food |
| 17:26 | Kordiror · first_market_sell 100 stone |
| 18:59 | maxnaks · wall_segment Stone Wall x1 |
| 19:02 | maxnaks · wall_segment Stone Wall x1 |
| 19:02 | maxnaks · wall_segment Stone Wall x1 |
| 19:32 | Spooder · first_market_buy 100 food |
| 19:44 | maxnaks · first_building Archery Range |
| 20:07 | Kordiror · wall_segment Palisade Wall x5 |
| 21:22 | maxnaks · wall_segment Palisade Wall x1 |
| 21:24 | maxnaks · wall_segment Palisade Wall x1 |
| 22:03 | maxnaks · wall_segment Palisade Wall x1 |
| 22:17 | Spooder · age_up castle |
| 24:13 | Something Phoetic · tribute_sent a jugador 1 |
| 24:13 | Something Phoetic · tribute_sent a jugador 3 |
| 24:13 | Something Phoetic · tribute_sent a jugador 4 |
| 24:25 | maxnaks · age_up castle |
| 24:28 | Spooder · first_building Castle |
| 24:45 | maxnaks · first_building Siege Workshop |
| 25:07 | Kordiror · first_building Barracks |
| 25:26 | Kordiror · age_up castle |
| 25:46 | Spooder · wall_segment Stone Wall x1 |
| 25:47 | Spooder · wall_segment Stone Wall x1 |
| 25:59 | maxnaks · first_market_buy 100 wood |
| 26:05 | Kordiror · first_building Stable |
| 26:36 | Spooder · wall_segment Palisade Wall x1 |
| 26:37 | Spooder · wall_segment Palisade Wall x1 |
| 26:38 | Spooder · wall_segment Palisade Wall x1 |
| 27:10 | Spooder · wall_segment Palisade Wall x1 |
| 28:48 | Kordiror · tribute_sent a jugador 1 |
| 28:48 | Kordiror · tribute_sent a jugador 2 |
| 28:48 | Kordiror · tribute_sent a jugador 4 |
| 28:53 | maxnaks · first_market_sell 500 wood |
| 29:01 | Kordiror · first_building Castle |
| 29:35 | Something Phoetic · first_building Siege Workshop |
| 30:40 | Something Phoetic · age_up imperial |
| 31:35 | Spooder · wall_segment Stone Wall x4 |
| 31:37 | Spooder · wall_segment Stone Wall x9 |
| 31:41 | Spooder · wall_segment Stone Wall x1 |
| 31:42 | Spooder · wall_segment Stone Wall x1 |
| 31:42 | Spooder · wall_segment Stone Wall x1 |
| 32:01 | Spooder · wall_segment Stone Wall x1 |
| 32:10 | Spooder · wall_segment Stone Wall x3 |
| 32:35 | Spooder · wall_segment Stone Wall x3 |
| 32:36 | Spooder · wall_segment Stone Wall x3 |
| 33:09 | Spooder · wall_segment Stone Wall x1 |
| 34:02 | Spooder · first_building Stable |
| 34:03 | Spooder · first_building Archery Range |
| 35:00 | Spooder · wall_segment Stone Wall x1 |
| 36:28 | Spooder · first_market_sell 100 wood |
| 36:57 | Kordiror · age_up imperial |
| 37:13 | Spooder · wall_segment Stone Wall x1 |
| 37:26 | Something Phoetic · first_building Castle |
| 40:43 | Something Phoetic · wall_segment Stone Wall x1 |
| 40:44 | Something Phoetic · wall_segment Stone Wall x1 |
| 40:46 | Something Phoetic · wall_segment Stone Wall x1 |
| 41:02 | Spooder · age_up imperial |
| 42:21 | Something Phoetic · wall_segment Stone Wall x1 |
| 43:44 | Kordiror · tribute_sent a jugador 1 |
| 43:44 | Kordiror · tribute_sent a jugador 2 |
| 43:44 | Kordiror · tribute_sent a jugador 4 |
| 44:35 | maxnaks · wall_segment Stone Wall x7 |
| 45:08 | maxnaks · first_building Monastery |
| 47:02 | maxnaks · age_up imperial |
| 47:11 | Kordiror · tribute_sent a jugador 1 |
| 47:11 | Kordiror · tribute_sent a jugador 2 |
| 47:11 | Kordiror · tribute_sent a jugador 4 |
| 47:55 | Something Phoetic · resign |
[ ANÁLISIS IA · 1 CRÉDITO ]
¿Qué pasó realmente en esta partida?
Wolo.gg analiza cada decisión: build order, eco, micro, errores típicos por bracket. Análisis personalizado por WhatsApp o Discord en 30 segundos.
Guía civ
Cumanos
Perfil
Jugador #926077